Map: [ESL] Data-C

Players

Nina - Winner!

  • Race: Protoss Protoss
  • Spawn Location: 3:00

DisK

  • Race: Protoss Protoss
  • Spawn Location: 9:00

Event: DreamHack SC2 Masters 2022 Atlanta (Online)

VOD

Have the link to the VOD?

Description

Time

  • Played on: Oct. 5, 2022, 6:13 p.m.
  • Length: 19:31

All games in this series

Show
View Real Time Build Order
Export as new Build Order

Nina Protoss - Winner!

Build Orders: Oracle Opening 

Get SALT Encoding   

  12  0:00  Probe  
  13  0:12  Probe  
  14  0:18  Pylon  
  14  0:24  Probe  
  15  0:37  Gateway  
  15  0:38  Probe (Chrono Boost)  
  16  0:48  Probe (Chrono Boost)  
  17  0:50  Assimilator  
  17  0:53  Probe (Chrono Boost)  
  18  1:00  Assimilator  
  18  1:04  Probe (Chrono Boost)  
  19  1:16  Probe (Chrono Boost)  
  19  1:18  Gateway  
  20  1:20  Probe (Chrono Boost)  
  21  1:31  Probe, Cybernetics Core  
  22  1:41  Pylon  
  22  1:43  Probe  
  23  1:59  Probe  
  24  2:08  Stargate  
  24  2:10  Stalker  
  24  2:11  Probe  
  27  2:18  Stalker  
  29  2:27  Warp Gate  
  29  2:32  Shield Battery  
  29  2:43  Pylon  
  28  2:53  Probe  
  28  2:54  Stalker  
  31  3:01  Stalker  
  33  3:05  Probe  
  33  3:10  Oracle (Chrono Boost)  
  37  3:21  Pylon  
  37  3:38  Nexus  
  37  3:41  Oracle (Chrono Boost)  
  37  3:45  Probe  
  41  3:59  Probe, Pylon  
  42  4:11  Twilight Council, Probe (Chrono Boost)  
  43  4:21  Stalker  
  43  4:23  Probe (Chrono Boost)  
  46  4:27  Probe (Chrono Boost)  
  46  4:29  Stalker  
  49  4:41  Probe  
  49  4:44  Blink (Chrono Boost)  
  50  4:50  Probe (Chrono Boost)  
  51  4:56  Stalker  
  51  4:58  Probe (Chrono Boost)  
  54  5:02  Probe (Chrono Boost)  
  54  5:04  Stalker  
  58  5:07  Probe (Chrono Boost)  
  58  5:08  Probe (Chrono Boost)  
  58  5:13  Gateway  
  59  5:18  Probe  
  59  5:20  Probe  
  59  5:21  Pylon  
  61  5:27  Stalker  
  63  5:31  Probe  
  63  5:32  Probe  
  63  5:35  Stalker  
  67  5:40  Pylon  
  67  5:43  Probe  
  67  5:44  Probe  
  67  5:47  Robotics Facility  
  69  5:52  Stalker  
  69  5:55  Probe  
  69  5:56  Pylon  
  72  5:59  Probe  
  72  6:02  Stalker  
  75  6:07  Probe  
  75  6:08  Assimilator  
  75  6:10  Stalker  
  77  6:19  Stalker  
  79  6:27  Nexus  
  79  6:30  Stalker  
  81  6:36  Probe x2  
  83  6:44  Pylon  
  83  6:45  Forge  
  83  6:48  Probe  
  84  6:54  Adept  
  84  6:55  Adept, Stalker  
  84  6:56  Probe  
  84  6:58  Observer (Chrono Boost)  
  92  7:02  Gateway  
  92  7:04  Probe  
  93  7:12  Probe  
  94  7:16  Probe  
  94  7:17  Protoss Ground Weapons Level 1 (Chrono Boost), Stalker x2  
  99  7:24  Probe  
  99  7:28  Probe  
  99  7:37  Stalker  
  99  7:38  Probe  
  99  7:40  Probe  
  95  7:47  Stalker x2  
  95  7:48  Probe  
  98  7:51  Gateway  
  98  7:52  Gateway  
  98  7:53  Probe x2  
  98  7:55  Gateway  
  98  7:58  Assimilator  
  100  8:00  Probe  
  100  8:02  Sentry x2  
  105  8:05  Shield Battery  
  105  8:06  Probe  
  105  8:11  Assimilator  
  105  8:12  Probe  
  107  8:13  Probe  
  107  8:19  Observer x2 (Chrono Boost)  
  109  8:22  Probe  
  110  8:29  Stalker x3  
  110  8:30  Nexus  
  110  8:32  Pylon  
  116  8:35  Pylon  
  116  8:38  Pylon  
  116  8:42  Probe  
  116  8:45  Assimilator  
  116  8:47  Photon Cannon  
  117  8:50  Robotics Bay  
  117  8:51  Stalker  
  117  8:52  Stalker  
  117  8:54  Stalker  
  123  8:58  Probe  
  123  8:59  Probe  
  121  9:03  Photon Cannon  
  121  9:05  Probe  
  121  9:07  Stalker  
  123  9:10  Probe  
  123  9:13  Probe  
  125  9:17  Probe, Protoss Ground Weapons Level 2 (Chrono Boost)  
  125  9:22  Charge  
  126  9:25  Photon Cannon  
  126  9:26  Robotics Facility  
  126  9:31  Adept  
  126  9:32  Adept  
  126  9:37  Stalker x2  
  133  9:39  Probe x2  
  133  9:42  Zealot  
  137  9:46  Disruptor (Chrono Boost)  
  137  9:50  Probe  
  137  9:51  Photon Cannon, Probe  
  143  9:52  Probe  
  143  9:54  Probe  
  144  10:02  Probe, Pylon  
  144  10:03  Photon Cannon  
  143  10:09  Disruptor (Chrono Boost)  
  144  10:14  Probe x2  
  144  10:19  Probe  
  144  10:20  Gateway  
  144  10:21  Disruptor  
  150  10:35  Stalker x5  
  158  10:37  Pylon  
  158  10:40  Probe  
  158  10:42  Disruptor  
  164  10:50  Pylon  
  164  10:56  Disruptor  
  164  10:57  Pylon  
  164  10:58  Pylon  
  164  10:59  Pylon  
  167  11:06  Nexus  
  167  11:09  Photon Cannon  
  167  11:11  Photon Cannon  
  167  11:12  Observer  
  167  11:17  Disruptor  
  170  11:22  Zealot x6  
  170  11:23  Zealot x2  
  186  11:26  Photon Cannon  
  186  11:27  Photon Cannon  
  186  11:32  Disruptor  
  189  11:51  Zealot x3  
  189  11:53  Disruptor  
  198  12:08  Disruptor  
  196  12:15  Zealot x4  
  193  12:20  Probe  
  193  12:21  Probe, Photon Cannon  
  193  12:22  Photon Cannon  
  199  12:24  Probe  
  199  12:25  Assimilator  
  200  12:35  Assimilator  
  194  12:46  Disruptor  
  165  13:14  Protoss Ground Weapons Level 3 (Chrono Boost)  
  165  13:17  Zealot x5  
  165  13:18  Disruptor, Zealot x2  
  176  13:23  Gateway  
  176  13:26  Disruptor (Chrono Boost), Gateway  
  159  13:29  Gateway  
  159  13:32  Dark Shrine  
  157  13:36  Gateway  
  157  13:38  Probe  
  157  13:39  Gateway  
  158  13:42  Gateway  
  158  13:43  Zealot x3  
  158  13:44  Zealot x2  
  168  13:50  Pylon  
  168  13:51  Pylon  
  168  13:53  Zealot  
  168  13:54  Zealot x2  
  177  14:00  Robotics Facility  
  177  14:01  Disruptor (Chrono Boost)  
  177  14:06  Zealot x5  
  177  14:07  Probe x5  
  185  14:13  Pylon  
  185  14:16  Photon Cannon  
  184  14:18  Fleet Beacon  
  184  14:19  Probe x5  
  184  14:20  Assimilator  
  184  14:21  Assimilator  
  189  14:27  Nexus  
  189  14:29  Photon Cannon  
  189  14:30  Nexus, Pylon  
  189  14:31  Probe x2  
  156  14:39  Stalker x10  
  156  14:40  Stalker x3  
  156  14:42  Observer  
  156  14:44  Probe  
  184  14:46  Shadow Stride (Chrono Boost)  
  184  14:53  Observer  
  184  14:55  Stalker  
  184  14:59  Pylon  
  187  15:00  Pylon  
  187  15:13  Stalker x4  
  187  15:14  Stalker x2  
  199  15:16  Dark Templar x5  
  187  15:23  Disruptor  
  178  15:39  Stalker x4  
  178  15:40  Stalker x5  
  183  15:56  Dark Templar x5  
  189  15:59  Disruptor  
  184  16:16  Dark Templar x5  
  178  16:26  Protoss Shields Level 1 (Chrono Boost)  
  178  16:28  Observer  
  175  16:33  Gravitic Boosters  
  175  16:35  Zealot x9  
  193  16:51  Zealot x5  
  193  16:53  Disruptor  
  200  16:56  Zealot x5  
  196  17:22  Dark Templar x3  
  191  17:23  Dark Templar x2, Observer  
  188  17:34  Probe x2  
  190  17:37  Pylon x2  
  190  17:38  Photon Cannon  
  190  17:39  Nexus  
  174  17:44  Disruptor x3  
  174  17:47  Nexus  
  174  17:50  Stargate  
  183  17:56  Pylon  
  183  17:57  Pylon  
  183  18:01  Photon Cannon x2  
  170  18:07  Photon Cannon  
  170  18:12  Dark Templar x5  
  180  18:18  Zealot x3  
  180  18:19  Zealot x2  
  172  18:36  Stalker x4  
  175  18:47  Photon Cannon  
  171  18:51  Dark Templar x2  
  173  18:57  Pylon  
  169  19:21  Dark Templar x3  
  174  19:25  Zealot x11  
Show
View Real Time Build Order
Export as new Build Order

DisK Protoss 

Build Orders:  

Get SALT Encoding   

  12  0:00  Probe  
  13  0:12  Probe  
  14  0:17  Pylon  
  14  0:24  Probe (Chrono Boost)  
  15  0:35  Gateway  
  15  0:37  Probe (Chrono Boost)  
  16  0:45  Probe (Chrono Boost)  
  16  0:46  Assimilator  
  17  0:52  Probe  
  17  0:55  Assimilator  
  18  1:04  Probe (Chrono Boost)  
  19  1:09  Gateway  
  19  1:15  Probe (Chrono Boost)  
  20  1:19  Probe (Chrono Boost)  
  21  1:25  Cybernetics Core  
  21  1:30  Probe  
  22  1:38  Pylon  
  22  1:42  Probe  
  23  1:56  Probe  
  24  2:02  Stalker x2  
  24  2:04  Warp Gate (Chrono Boost)  
  24  2:08  Probe  
  29  2:18  Pylon  
  29  2:31  Pylon  
  29  2:35  Stalker  
  31  2:39  Stalker  
  33  2:55  Pylon  
  32  3:06  Nexus  
  32  3:11  Sentry x2  
  36  3:21  Pylon  
  36  3:28  Shield Battery  
  36  3:33  Probe  
  37  3:43  Shield Battery  
  37  3:45  Sentry  
  37  3:46  Stalker  
  41  3:51  Robotics Facility  
  41  3:54  Probe  
  42  4:06  Probe (Chrono Boost)  
  43  4:16  Probe (Chrono Boost)  
  44  4:17  Stalker  
  44  4:21  Probe (Chrono Boost)  
  44  4:22  Stalker  
  50  4:26  Probe (Chrono Boost)  
  50  4:28  Probe (Chrono Boost)  
  51  4:33  Probe (Chrono Boost)  
  51  4:35  Probe (Chrono Boost)  
  50  4:45  Probe (Chrono Boost)  
  51  4:46  Observer  
  51  4:50  Probe (Chrono Boost)  
  51  4:52  Probe (Chrono Boost)  
  53  4:55  Forge  
  53  4:57  Probe  
  53  4:59  Probe  
  55  5:09  Probe  
  55  5:11  Probe  
  55  5:14  Observer  
  58  5:18  Nexus  
  58  5:21  Probe  
  58  5:26  Pylon  
  58  5:27  Probe  
  58  5:30  Protoss Ground Weapons Level 1  
  58  5:35  Probe  
  59  5:39  Probe  
  59  5:41  Immortal (Chrono Boost)  
  60  5:47  Probe  
  65  5:53  Pylon  
  65  5:54  Shield Battery  
  65  5:56  Immortal (Chrono Boost), Probe  
  66  5:59  Probe  
  66  6:03  Stalker  
  69  6:10  Probe  
  70  6:11  Probe  
  70  6:12  Stalker  
  73  6:18  Shield Battery  
  73  6:22  Probe  
  73  6:23  Probe  
  75  6:28  Immortal (Chrono Boost)  
  75  6:31  Stalker  
  77  6:36  Probe  
  77  6:37  Probe  
  77  6:41  Stalker  
  77  6:42  Immortal (Chrono Boost), Probe  
  82  6:49  Probe  
  80  6:57  Probe x2, Gateway  
  80  6:59  Gateway, Assimilator  
  80  7:00  Stalker  
  80  7:01  Probe  
  85  7:11  Probe x2  
  85  7:17  Stalker  
  85  7:32  Probe (Chrono Boost)  
  83  7:37  Probe (Chrono Boost)  
  83  7:38  Probe (Chrono Boost)  
  86  7:44  Probe (Chrono Boost)  
  86  7:48  Observer  
  86  7:49  Probe x3 (Chrono Boost)  
  85  7:53  Stalker x2  
  85  7:54  Stalker x2  
  85  7:58  Twilight Council  
  93  8:01  Pylon  
  93  8:16  Assimilator x2  
  93  8:18  Assimilator  
  93  8:19  Probe x3  
  96  8:22  Adept x2, Robotics Bay  
  96  8:24  Pylon  
  96  8:25  Blink (Chrono Boost)  
  100  8:30  Pylon  
  100  8:31  Probe, Pylon  
  101  8:42  Immortal (Chrono Boost), Probe x2  
  101  8:43  Probe  
  108  8:49  Pylon  
  108  8:54  Probe x2  
  108  8:55  Probe  
  111  8:58  Observer  
  111  9:02  Protoss Ground Weapons Level 2 (Chrono Boost)  
  109  9:06  Probe  
  110  9:11  Probe x2  
  110  9:15  Robotics Facility  
  110  9:17  Stalker x4  
  110  9:22  Nexus  
  110  9:23  Photon Cannon  
  118  9:26  Pylon  
  118  9:27  Probe x2  
  118  9:28  Probe  
  121  9:32  Photon Cannon  
  121  9:35  Disruptor (Chrono Boost)  
  121  9:36  Photon Cannon  
  124  9:40  Probe  
  124  9:41  Probe  
  124  9:42  Probe  
  127  9:46  Shield Battery  
  127  9:49  Shield Battery  
  127  9:52  Probe  
  128  9:53  Probe  
  128  9:54  Probe, Stalker  
  128  9:58  Gateway  
  132  10:01  Gateway  
  131  10:07  Disruptor (Chrono Boost)  
  137  10:15  Disruptor (Chrono Boost)  
  137  10:20  Probe, Stalker  
  140  10:24  Pylon  
  140  10:25  Pylon  
  136  10:35  Disruptor, Probe x2, Stalker  
  138  10:36  Stalker x2  
  147  10:50  Charge, Probe  
  147  10:51  Probe x3  
  147  10:54  Assimilator x2  
  147  10:55  Disruptor  
  154  10:59  Photon Cannon  
  154  11:03  Stalker x2, Pylon  
  158  11:04  Pylon  
  158  11:10  Stalker x2  
  158  11:11  Disruptor  
  165  11:23  Stalker x2  
  169  11:28  Stalker x2  
  169  11:31  Gateway  
  169  11:32  Gateway  
  176  11:35  Assimilator  
  176  11:38  Disruptor (Chrono Boost)  
  176  11:40  Protoss Ground Weapons Level 3 (Chrono Boost)  
  176  11:53  Observer (Chrono Boost)  
  177  11:55  Stalker  
  177  11:56  Stalker x4  
  177  12:00  Photon Cannon  
  185  12:02  Zealot  
  184  12:17  Disruptor  
  187  12:26  Pylon  
  187  12:27  Pylon  
  186  12:30  Dark Shrine  
  186  12:33  Disruptor  
  167  12:53  Disruptor, Stalker x8  
  152  13:09  Disruptor  
  143  13:16  Stalker x8  
  159  13:26  Probe  
  160  13:29  Probe  
  160  13:32  Disruptor  
  163  13:38  Probe  
  161  13:43  Zealot x8  
  161  13:44  Disruptor  
  177  13:50  Probe  
  178  14:02  Probe  
  179  14:06  Observer  
  179  14:08  Disruptor  
  180  14:13  Stalker x3  
  180  14:14  Stalker x2  
  182  14:18  Assimilator  
  182  14:19  Probe  
  182  14:20  Disruptor, Probe  
  182  14:23  Photon Cannon  
  187  14:25  Photon Cannon  
  187  14:27  Pylon  
  187  14:32  Observer  
  187  14:44  Disruptor  
  187  14:45  Pylon  
  190  14:56  Disruptor  
  190  14:57  Stalker  
  195  15:01  Photon Cannon  
  195  15:02  Photon Cannon  
  185  15:20  Disruptor  
  176  15:21  Stalker x6  
  176  15:22  Stalker x2  
  180  15:31  Disruptor  
  165  15:45  Stalker x8  
  179  15:58  Observer  
  176  16:10  Observer  
  164  16:21  Dark Templar x5  
  164  16:22  Zealot x3  
  179  16:42  Observer  
  179  16:46  Disruptor  
  172  16:57  Disruptor  
  175  17:02  Observer  
  143  17:11  Zealot x8  
  125  17:28  Disruptor  
  112  17:31  Zealot x5  
  112  17:32  Zealot x3  
  112  17:33  Disruptor  
  127  17:52  Stalker  
  127  17:53  Zealot x3, Stalker x3  
  123  18:37  Zealot x4  
  123  18:38  Disruptor (Chrono Boost)  
  121  18:45  Observer (Chrono Boost)  
  117  18:58  Observer (Chrono Boost)  
Tags
 
Add a new tag
Caveats
  • Supply blocks, unpowered buildings, or Contaminate may cause inaccurate times.
  • Supply counts are checked every 10 seconds.